 Dungeon Crawl Stone Soup version 0.25-a0-317-g5f8687bca5 (webtiles) character file.

Game seed: 850472963514062341, levelgen mode: deterministic

5616 DerDa the Stinger (level 10, -2/65 HPs)
             Began as an Octopode Venom Mage on Dec 27, 2019.
             Was a Priest of Vehumet.
             Slain by a death yak (19 damage)
             ... on level 8 of the Dungeon.
             The game lasted 00:49:31 (11173 turns).

DerDa the Stinger (Octopode Venom Mage)            Turns: 11173, Time: 00:49:32

Health: -2/65      AC:  1    Str:  8    XL:     10   Next: 73%
Magic:  15/21      EV: 16    Int: 20    God:    Vehumet [***...]
Gold:   491        SH:  0    Dex: 17    Spells: 9/24 levels left

rFire    + + .     SeeInvis .   v - +2 mace "Ufreut" {pain, rF+ rC+ MR++} (curse)
rCold    + . .     Gourm    .   (no shield)
rNeg     . . .     Faith    +   (helmet restricted)
rPois    .         Spirit   .   C - amulet "Wyheneof" {Faith +Blink rF+ MR+}
rElec    .         Reflect  .   D - ring of flight
rCorr    .         Harm     .   J - ring of wizardry
MR       +++..                  O - +4 ring of dexterity
Stlth    +++++.....             (no ring)
HPRegen  0.20/turn              (no ring)
MPRegen  0.17/turn              (no ring)
                                (no ring)
                                (no ring)

@: no status effects
A: almost no armour, stealthy swim, amphibious, 8 rings, constrict 8, camouflage
1, gelatinous body 1
a: Renounce Religion, Evoke Blink, Evoke Flight


You were on level 8 of the Dungeon.
You worshipped Vehumet.
Vehumet was most pleased with you.
You were not hungry.

You visited 2 branches of the dungeon, and saw 10 of its levels.

You collected 491 gold pieces.

Inventory:

Hand Weapons
 c - a +0 club
 e - a +2 dagger of pain
 n - a -2 dagger
 p - a +1 vampiric short sword
 v - the cursed +2 mace "Ufreut" (weapon) {pain, rF+ rC+ MR++}
   (You found it on level 5 of the Dungeon)

   In the hands of one skilled in necromantic magic, it inflicts extra damage on
   living creatures.
   It protects you from fire.
   It protects you from cold.
   It affects your resistance to hostile enchantments.
   It has a curse placed upon it.
 E - a +1 long sword of holy wrath
Missiles
 d - 235 stones (quivered)
 m - 25 sling bullets
 q - 35 poisoned darts
 F - 130 arrows
Magical Staves
 I - an uncursed staff of wizardry
Jewellery
 C - the amulet "Wyheneof" (around mantle) {Faith +Blink rF+ MR+}
   (You found it on level 6 of the Dungeon)

   [amulet of faith]

   It allows you to gain divine favour quickly.
   It protects you from fire.
   It affects your resistance to hostile enchantments.
   It lets you blink.
 D - a ring of flight (left tentacle)
 J - a ring of wizardry (right tentacle)
 O - a +4 ring of dexterity (on tentacle)
Wands
 j - a wand of disintegration (8)
 s - a wand of iceblast (7)
 z - a wand of digging (7)
 L - a wand of enslavement (10)
 M - a wand of acid (7)
 N - a wand of flame (19)
Scrolls
 i - 3 scrolls of enchant armour
 k - a scroll of amnesia
 o - 5 scrolls of teleportation
 r - 2 scrolls of enchant weapon
 w - a scroll of remove curse
 y - 2 scrolls of fear
 A - a scroll of magic mapping {unknown}
 B - 2 scrolls of fog {unknown}
 H - 3 scrolls of identify
 K - a scroll of immolation {unknown}
Potions
 a - a potion of invisibility {unknown}
 f - 4 potions of heal wounds {unknown}
 g - 5 potions of curing
 h - 2 potions of lignification {unknown}
 l - 2 potions of berserk rage {unknown}
 t - a potion of mutation {unknown}
 u - a potion of flight {unknown}
 x - 2 potions of degeneration {unknown}
Comestibles
 b - 16 rations


   Skills:
 + Level 4.7 Fighting
 + Level 5.4 Dodging
 - Level 7.0 Stealth
 * Level 7.8 Spellcasting
 + Level 4.8 Conjurations
 - Level 5.0 Transmutations
 + Level 7.8 Poison Magic
 + Level 5.1 Evocations


You had 9 spell levels left.
You knew the following spells:

 Your Spells              Type           Power        Failure   Level  Hunger
a - Sting                 Tmut/Pois      ####         1%          1    None
b - Poisonous Vapours     Pois/Air       ###...       1%          2    None
c - Mephitic Cloud        Conj/Pois/Air  ###.....     1%          3    None
d - Olgreb's Toxic Radia  Pois           #####...     1%          4    ###....
e - Foxfire               Conj/Fire      ###.         1%          1    None
f - Fulminant Prism       Conj/Hex       ###.......   4%          4    ###....

Your spell library contained the following spells:

 Spells                   Type           Power        Failure   Level  Hunger
 Static Discharge         Conj/Air       ###.....     1%          3    None
 Beastly Appendage        Tmut           ####..       1%          1    None
 Magic Dart               Conj           ####         1%          1    None
 Sandblast                Erth           #.....       1%          1    None
 Passwall                 Tmut/Erth      ###.....     1%          2    None
 Searing Ray              Conj           ####..       1%          2    None
 Sticks to Snakes         Tmut           ####....     1%          2    None
 Dazzling Flash           Conj/Hex       ###...       1%          3    None
 Ignite Poison            Fire/Tmut/Pois ####....     1%          3    None
 Spider Form              Tmut/Pois      ####......   1%          3    None
 Stone Arrow              Conj/Erth      ###...       1%          3    None
 Animate Skeleton         Necr           N/A          3%          1    None
 Apportation              Tloc           #.....       3%          1    None
 Confusing Touch          Hex            #.....       3%          1    None
 Summon Small Mammal      Summ           #...         3%          1    None
 Iskenderun's Mystic Bla  Conj/Tloc      ###.....     4%          4    ###....
 Ice Form                 Ice/Tmut       ###.....     12%         4    ###....
 Petrify                  Tmut/Erth      ###.....     12%         4    ###....
 Blade Hands              Tmut           ####......   12%         5    #####..
 Lee's Rapid Deconstruct  Erth           #.........   24%         5    #####..


Dungeon Overview and Level Annotations

Branches:
Dungeon (9/15)             Temple (1/1) D:6
   Lair: D:8-11         Orc: D:9-12

Altars:
Ashenzari
Cheibriados
Dithmenos
Elyvilon
Fedhas
Gozag
Hepliaklqana
Kikubaaqudgha
Makhleb
Nemelex Xobeh
Okawaru
Qazlal
Ru
Sif Muna
Trog
Uskayaw
Vehumet
Wu Jian
Xom
Yredelemnul
Zin
The Shining One

Shops:
D:9 [


Innate Abilities, Weirdness & Mutations

You cannot wear most types of armour.
You are very stealthy in the water. (Stealth+)
You are amphibious.
You can wear up to eight rings at the same time.
You can use your tentacles to constrict eight enemies at once.
Your skin changes colour to match your surroundings (Stealth+).
Your rubbery body absorbs attacks. (AC +1, EV +1)


Message History

* * * LOW HITPOINT WARNING * * *
The death yak is engulfed in noxious fumes.
The death yak appears confused.
Casting: Mephitic Cloud (safe; 1% risk of failure)
Confirm with . or Enter, or press ? or * to list all spells.
Aiming: Sting (safe; 1% risk of failure)
Press: ? - help, Shift-Dir - straight line, f - death yak
Aim: a death yak (moderately wounded, poisoned, confused)
The sting hits the death yak.
The death yak looks even sicker.
The death yak is moderately wounded.
Casting: Sting (safe; 1% risk of failure)
Confirm with . or Enter, or press ? or * to list all spells.
Aiming: Sting (safe; 1% risk of failure)
Press: ? - help, Shift-Dir - straight line, f/p - death yak
Aim: a death yak (moderately wounded, very poisoned, confused)
The sting hits the death yak but does no damage.
The death yak looks even sicker.
The death yak is moderately wounded.
The death yak gores you!!
You die...

########### #.........#
###### #.........# #....#
#.........# #....#
#....@....#
##....######.○°.Y....######
...........'...○>.^..'....#
##.#########.........####.#
#.# #.........#..#.# ##'###
#.).......#..#.# .....#
#.........#..#.# .....#
###########....# .....#
##.###


You could see a death yak (confused).

Vanquished Creatures
  A two-headed ogre (D:8)
  Maurice (D:8)
  A troll (D:9)
  4 hippogriffs
  Eustachio (D:5)
  A water moccasin (D:8)
  5 orc warriors
  4 ice beasts
  A necrophage (D:6)
  4 ogres
  A phantom (D:4)
  A gnoll sergeant (D:7)
  4 bullfrogs
  2 scorpions
  4 killer bees (D:8)
  2 howler monkeys
  A jelly (D:4)
  4 crimson imps
  A quasit (D:9)
  7 hounds
  A bullfrog skeleton (D:4)
  A centaur skeleton (D:5)
  3 orc priests
  8 orc wizards
  5 iguanas
  Natasha (twice) (D:3)
  4 worker ants
  A hound skeleton (D:8)
  A worker ant zombie (D:9)
  4 gnolls
  19 adders
  2 shadow imps
  A worm (D:6)
  4 dart slugs
  12 leopard geckos
  35 orcs
  12 bats
  4 giant cockroaches
  7 goblins
  8 hobgoblins
  22 jackals
  4 quokkas
  A ball python (D:3)
  8 frilled lizards
  A jackal skeleton (D:6)
  11 kobolds
  13 rats
244 creatures vanquished.

Vanquished Creatures (others)
  89 foxfires
89 creatures vanquished.

Grand Total: 333 creatures vanquished

Notes
Turn   | Place    | Note
-------+----------+-------------------------------------------
     0 | D:1      | DerDa the Octopode Venom Mage began the quest for the Orb.
     0 | D:1      | Reached XP level 1. HP: 11/11 MP: 3/3
    61 | D:1      | Reached XP level 2. HP: 17/17 MP: 0/5
   144 | D:1      | Learned a level 2 spell: Poisonous Vapours
   276 | D:1      | Reached XP level 3. HP: 11/21 MP: 0/6
   307 | D:1      | HP: 1/21 [jackal (3)]
   838 | D:1      | Learned a level 3 spell: Mephitic Cloud
   919 | D:1      | You fall into a shaft and drop 1 floor!
   958 | D:2      | Reached XP level 4. HP: 15/27 MP: 2/8
  1347 | D:2      | Reached XP level 5. HP: 11/31 MP: 0/10
  1862 | D:2      | Learned a level 4 spell: Olgreb's Toxic Radiance
  2098 | D:3      | Noticed a phantom
  2722 | D:3      | Noticed an ogre
  2752 | D:3      | Killed an ogre
  2752 | D:3      | Reached XP level 6. HP: 22/36 MP: 3/12
  2800 | D:3      | Noticed Natasha
  2808 | D:3      | Killed Natasha
  3311 | D:3      | Noticed Natasha
  3317 | D:3      | Killed Natasha
  3430 | D:3      | Found a radiant altar of Vehumet.
  3439 | D:3      | Found a basalt altar of Yredelemnul.
  3443 | D:3      | Found a hide-covered altar of Uskayaw.
  3444 | D:3      | Found a stormy altar of Qazlal.
  3455 | D:3      | Became a worshipper of Vehumet
  3696 | D:4      | Found an ornate altar of the Wu Jian Council.
  3715 | D:4      | Reached skill level 5 in Poison Magic
  3820 | D:4      | Noticed a phantom
  3822 | D:4      | Reached XP level 7. HP: 37/42 MP: 0/13
  4043 | D:4      | Reached skill level 1 in Fighting
  4043 | D:4      | Reached skill level 1 in Conjurations
  4043 | D:4      | Reached skill level 1 in Evocations
  4386 | D:4      | Reached skill level 5 in Stealth
  4497 | D:5      | Entered Level 5 of the Dungeon
  4498 | D:5      | Reached * piety under Vehumet
  4498 | D:5      | Offered knowledge of Foxfire by Vehumet.
  4517 | D:5      | Learned a level 1 spell: Foxfire
  4801 | D:5      | Found Jypn's Armour Shop.
  4812 | D:5      | Noticed Eustachio
  4824 | D:5      | Killed Eustachio
  4824 | D:5      | Reached skill level 5 in Spellcasting
  4824 | D:5      | Reached XP level 8. HP: 43/49 MP: 5/15
  5225 | D:5      | Got a slimy mace
  5225 | D:5      | Identified the cursed +2 mace "Ufreut" {pain, rF+ rC+ MR++}
                  | (You found it on level 5 of the Dungeon)
  5909 | D:6      | Got a fine ivory amulet
  5910 | D:6      | Identified the amulet "Wyheneof" {Faith +Blink rF+ MR+}
                  | (You found it on level 6 of the Dungeon)
  6365 | D:6      | Found a staircase to the Ecumenical Temple.
  6386 | Temple   | Entered the Ecumenical Temple
  6862 | D:7      | Reached XP level 9. HP: 51/54 MP: 3/17
  7154 | D:7      | Offered knowledge of Freeze by Vehumet.
  7166 | D:7      | Reached ** piety under Vehumet
  7959 | D:7      | Offered knowledge of Conjure Flame by Vehumet.
  9148 | D:8      | Learned a level 4 spell: Fulminant Prism
  9191 | D:8      | Found a sparkling altar of Nemelex Xobeh.
  9257 | D:8      | Noticed Maurice
  9269 | D:8      | Killed Maurice
  9269 | D:8      | Reached skill level 5 in Transmutations
  9269 | D:8      | Reached XP level 10. HP: 52/63 MP: 10/20
  9348 | D:8      | Reached *** piety under Vehumet
  9361 | D:8      | Found an iron altar of Okawaru.
  9505 | D:8      | Noticed a two-headed ogre
  9530 | D:8      | Killed a two-headed ogre
  9712 | D:8      | Reached skill level 5 in Dodging
 10027 | D:9      | Noticed a death yak
 10083 | D:9      | Noticed a death yak
 10083 | D:9      | Noticed a death yak
 10083 | D:9      | Noticed a death yak
 10402 | D:9      | Offered knowledge of Static Discharge by Vehumet.
 10565 | D:9      | Reached skill level 5 in Evocations
 10696 | D:9      | Noticed a death yak
 10702 | D:9      | Noticed a death yak
 10778 | D:9      | Found Unuladgh's Antique Armour Boutique.
 11173 | D:8      | Slain by a death yak

Levels and vault maps discovered:
D:1:      lightli_arrival_lavapool, layout_loops_ring
D:2:      layout_rooms, first_ration
D:3:      layout_basic, minitemple, minmay_joined_circles, uniq_natasha
D:4:      kennysheep_six_static_rooms, layout_loops_ring, old_standard_altar
D:5:      layout_cave_pods, serial_shops, shop, uniq_eustachio
D:6:      layout_loops_ring, minmay_temple_entry_waves,
          kennysheep_generic_room_16
D:7:      layout_basic
D:8:      layout_basic, nemelex_altar_shiori, basic_altar, uniq_maurice
D:9:      layout_loops_cross, dpeg_lair_monsters, serial_shops, shop
Temple:   kb_temple_of_zot

Skill      XL: |  1  2  3  4  5  6  7  8  9 10 |
---------------+-------------------------------+-----
Stealth        | 3 4 5 6 7 |  7.0
Poison Magic   | 4 5 6 7 |  7.8
Spellcasting   | 3 4 5 6 7 |  7.8
Transmutations | 2 3 4 5 |  5.0
Fighting       | 1 2 3 4 |  4.7
Conjurations   | 1 2 3 4 |  4.8
Evocations     | 1 2 4 5 |  5.1
Dodging        | 3 4 5 |  5.4

Action                   |  1- 3 |  4- 6 |  7- 9 | 10-12 || total
-------------------------+-------+-------+-------+-------++-------
Melee: Club              |    25 |     9 |       |       ||    34
       Constrict         |     6 |     8 |    30 |     9 ||    53
       Tentacles         |     1 |     5 |    20 |     8 ||    34
       Short sword       |       |    21 |    30 |       ||    51
       Mace              |       |       |    92 |    36 ||   128
 Cast: Sting             |    30 |    38 |    83 |    42 ||   193
       Poisonous Vapours |    13 |    45 |    40 |    10 ||   108
       Olgreb's Toxic Ra |       |     5 |    13 |     7 ||    25
       Foxfire           |       |       |    23 |    26 ||    49
       Mephitic Cloud    |       |       |    11 |     9 ||    20
 Abil: Evoke Blink       |       |       |       |     2 ||     2
Evoke: Wand              |       |       |     4 |       ||     4
  Use: Scroll            |       |     4 |     3 |       ||     7
       Potion            |       |       |     1 |       ||     1
 Stab: Sleeping          |       |       |     1 |       ||     1
       Confused          |       |       |     1 |       ||     1
  Eat: Chunk             |     1 |    11 |    20 |     6 ||    38
Armor: Skin              |     5 |    20 |     7 |     5 ||    37
Dodge: Dodged            |    38 |    78 |   136 |    48 ||   300

Table legend:
 A = Non-vault XP
 B = Vault XP
 C = Vault XP percentage of total XP
 D = Non-vault monster count
 E = Vault monster count
 F = Vault count percentage of total count
                 A         B        C        D         E       F
            +---------+---------+-------+---------+---------+-------
      Total |    7213 |     811 |  10.1 |     219 |      25 |  10.2
            +---------+---------+-------+---------+---------+-------
        D:1 |      77 |       0 |   0.0 |      34 |       0 |   0.0
        D:2 |     112 |       0 |   0.0 |      30 |       0 |   0.0
        D:3 |     220 |      72 |  24.7 |      24 |      16 |  40.0
        D:4 |     399 |      83 |  17.2 |      19 |       5 |  20.8
        D:5 |     311 |     185 |  37.3 |       9 |       1 |  10.0
        D:6 |     832 |      14 |   1.7 |      19 |       2 |   9.5
        D:7 |    1479 |       0 |   0.0 |      37 |       0 |   0.0
        D:8 |    2118 |     457 |  17.7 |      25 |       1 |   3.8
        D:9 |    1665 |       0 |   0.0 |      22 |       0 |   0.0
            +---------+---------+-------+---------+---------+-------
